 Dungeon Crawl Stone Soup version 0.28-a0-796-gd4f0d3f9b2 (webtiles) character file.

Game seed: 11217417358109567945

2 bjdcb the Sneak (level 1, 0/9 HPs)
             Began as a Spriggan Enchanter on Nov 6, 2021.
             Slain by a dart slug (2 damage)
             ... on level 1 of the Dungeon.
             The game lasted 00:00:30 (470 turns).

bjdcb the Sneak (Spriggan Enchanter)                 Turns: 470, Time: 00:00:31

Health: 0/9        AC:  2    Str:  4    XL:     1   Next: 33%
Magic:  5/5        EV: 17    Int: 16    God:
Gold:   4          SH:  0    Dex: 15    Spells: 5/5 levels left

rFire   . . .      SeeInvis +   a - +1 dagger
rCold   . . .      Faith    .   (shield restricted)
rNeg    . . .      Spirit   .   b - +0 robe
rPois   .          Reflect  .   (helmet restricted)
rElec   .          Harm     .   (no cloak)
rCorr   .          Rampage  .   (gloves unavailable)
Will    .....                   (boots unavailable)
Stlth   +++.......              (no amulet)
HPRegen 0.03/turn               (no ring)
MPRegen 0.09/turn               (no ring)

@: very quick
A: very small, no large weapons, unfitting armour, see invisible, speed 3
a: no special abilities


You were on level 1 of the Dungeon.
You visited 1 branch of the dungeon, and saw 2 of its levels.

You collected 4 gold pieces.

Inventory:

Hand Weapons
 a - a +1 dagger (weapon)
Armour
 b - a +0 robe (worn)
Potions
 c - a potion of invisibility
 d - a potion of curing {unknown}


   Skills:
 - Level 1.1 Short Blades
 - Level 2.6 Dodging
 - Level 4.4 Stealth
 + Level 2.8 Spellcasting
 + Level 3.7 Hexes


You had 5 spell levels left.
You didn't know any spells.
Your spell library contained the following spells:

 Spells                   Type           Power      Damage    Failure   Level
 Confusing Touch          Hex            14%        N/A       12%         3
 Tukima's Dance           Hex            14%        N/A       12%         3
 Ensorcelled Hibernation  Hex/Ice        16%        N/A       13%         2
 Dazzling Flash           Conj/Hex       16%        N/A       26%         3


Dungeon Overview and Level Annotations

Branches:
Dungeon (2/15)

Altars:


Innate Abilities, Weirdness & Mutations

You are very small and have problems with some larger weapons.
You are too small for most types of armour.
You have supernaturally acute eyesight. (SInv)
You cover ground extremely quickly. (Speed+++)


Message History

You are too injured to fight recklessly!
Unknown command.
There is a stone staircase leading down here.
You climb downwards.
Found 12 arrows.
There is a stone staircase leading up here.
You climb upwards.
There is a stone staircase leading down here.
You start resting.
HP restored.
You start waiting.
Done waiting.
A dart slug comes into view.
Found a viscous purple potion. 2 bats come into view.
Found a viscous black potion and 17 gold pieces.
The helpless bat fails to defend itself.
You puncture the bat!
You kill the bat!
A quokka comes into view.
A kobold comes into view. It is wielding a +0 dagger.
The helpless bat fails to defend itself.
You puncture the bat!
You kill the bat!
The kobold shouts!
A jackal comes into view.
You hit the kobold but do no damage. The kobold misses you.
You hit the kobold but do no damage.
A jackal comes into view.
The kobold hits you with a +0 dagger.
You miss the kobold. The kobold hits you with a +0 dagger.
The dart slug bites you.
The jackal barks!
You hit the kobold but do no damage. The quokka closely misses you.
The kobold hits you with a +0 dagger.
* * * LOW HITPOINT WARNING * * *
Unknown command.
The quokka bites you but does no damage.
The dart slug bites you.
You die...

##.....########
##.###..#
#####.## ##.#
#.....# #.#
#.###.## #.#
##.###..#
#.........
#.###......(##
#..K.@..##.##
#..hrw.......
##.#h....##..$
#.#....#!.. # #
.#..#....#
...###....# ...
#.... .... #..


You could see a dart slug, a quokka, 2 jackals and a kobold.

Vanquished Creatures
  2 bats (D:1)
  A rat (D:1)
3 creatures vanquished.

Notes
Turn   | Place    | Note
-------+----------+-------------------------------------------
     0 | D:1      | bjdcb the Spriggan Enchanter began the quest for the Orb.
     0 | D:1      | Reached XP level 1. HP: 9/9 MP: 5/5
   470 | D:1      | Slain by a dart slug

Illustrated notes

Levels and vault maps discovered:
D:1:      tarquinn_simple_flora_water_e, layout_loops_ring,
          minmay_misc_feat_chi, minmay_liquid_box, minmay_tromino_i2
D:2:      layout_basic

Action                   || total
-------------------------++-------
Melee: Dagger            ||     9
  Use: Scroll            ||     1
 Stab: Sleeping          ||     3
Armor: Robe              ||     1
Dodge: Dodged            ||     3

Table legend: (Time is in decaauts)
 A = Elapsed time spent in this place.
 B = Non-inter-level travel time spent in this place.
 C = Inter-level travel time spent in this place.
 D = Time resting spent in this place.
 E = Time spent auto-exploring this place.
 F = Levels seen in this place.
 G = Mean time per level.
                   A        B        C        D        E       F      G
               +--------+--------+--------+--------+--------+-----+--------+
         Total |    412 |    412 |      0 |    309 |     54 |   2 |  206.0 |
       Dungeon |    412 |    412 |      0 |    309 |     54 |   2 |  206.0 |
               +--------+--------+--------+--------+--------+-----+--------+

Top non-repeatable levels by time:
     D:1: 410 daAuts
     D:2: 1 daAuts
